 Dungeon Crawl Stone Soup version 0.32-a0-7-ge934b4519a (webtiles) character file.

Game seed: 9749261255326152736

77 SolCadguy the Insei (level 4, -3/32 HPs)
             Began as a Merfolk Shapeshifter on Jan 14, 2024.
             Slain by an orc
             ... wielding a +0 flail
              (9 damage)
             ... on level 3 of the Dungeon.
             The game lasted 00:03:54 (1616 turns).

SolCadguy the Insei (Merfolk Shapeshifter)          Turns: 1616, Time: 00:03:55

Health: -3/32      AC:  3    Str: 14    XL:     4   Next: 34%
Magic:  4/4        EV: 12    Int:  9    God:
Gold:   73         SH:  0    Dex: 15    Spells: 3/3 levels left

rFire   . .          .
                       - Unarmed
rCold   . . .        (no shield)
rNeg    . . .        n - +0 leather armour
rPois   .            (helmet currently unavailable)
rElec   .            h - melded +2 cloak
rCorr   .            (gloves currently unavailable)
SInv    .            (boots currently unavailable)
Will    .....        (no amulet)
Stlth   +            (no ring)
HPRegen 0.25/turn    (no ring)
MPRegen 0.09/turn

%: no passive effects
@: beast-form
A: beast (slay +2), (nimble swimmer 2), mertail
a: Begin Untransformation


You were on level 3 of the Dungeon.
You were a hulking beast.
You visited 1 branch of the dungeon, and saw 3 of its levels.

You collected 73 gold pieces.

Inventory:

Armour
 a - a +0 animal skin
 h - a +2 cloak (melded)
 n - a +0 leather armour (worn)
Jewellery
 j - a ring of magical power
Talismans
 c - a beast talisman (active)
 d - a flux talisman
Scrolls
 f - 4 scrolls of identify {unknown}
 g - a scroll of revelation {unknown}
 i - a scroll of blinking {unknown}
 l - 2 scrolls of teleportation {unknown}
 m - a scroll of noise {unknown}
Potions
 b - a potion of lignification
 e - 2 potions of curing {unknown}
 k - 3 potions of degeneration {unknown}


   Skills:
 - Level 1.1 Fighting
 - Level 2.6 Dodging
 + Level 5.5 Unarmed Combat
 - Level 4.0 Shapeshifting


You had 3 spell levels left.
You didn't know any spells.
Your spell library was empty.

Dungeon Overview and Level Annotations

Branches:
Dungeon (3/15)

Altars:


Innate Abilities, Weirdness & Mutations

You are a hulking beast.
Your limbs bulge with bestial killing power. (Slay +2)
((You are very nimble when in or above water. (Stealth+, EV+, Speed+++)))
Your lower body shifts to a powerful aquatic tail in water.


Message History

You barely miss the ribbon worm. You punch the ribbon worm.
The ribbon worm is lightly wounded.
The ribbon worm expels a string of sticky webbing.
The stream of webbing misses you.
You hit the ribbon worm.
The ribbon worm is moderately wounded.
The ribbon worm misses you.
You punch the ribbon worm!
The ribbon worm is severely wounded.
You barely miss the ribbon worm.
The ribbon worm is severely wounded.
The ribbon worm bites you.
You hit the ribbon worm.
You kill the ribbon worm!
Things that are here:
a +0 mace; a ribbon worm corpse
Found 15 gold pieces.
You start resting.
HP restored. 2 orcs come into view.
Found 12 gold pieces.
The orc shouts!
An endoplasm comes into view.
A goblin comes into view. It is wielding a +0 club.
The endoplasm quivers.
The goblin shouts!
You see here 15 gold pieces.
You now have 73 gold pieces (gained 15).
The endoplasm jiggles.
You barely miss the orc. The orc hits you with a +0 flail.
The endoplasm freezes you.
You are frozen.
The orc attacks as it pursues you! The orc hits you with a +0 flail.
The orc attacks as it pursues you! The orc closely misses you.
The orc attacks as it pursues you! The orc hits you with a +0 flail.
You barely miss the orc. The orc hits you with a +0 flail!
You hit the orc but do no damage. The orc hits you with a +0 flail.
* * * LOW HITPOINT WARNING * * *
The orc attacks as it pursues you! The orc hits you with a +0 flail!
You die...

#...# ... .... #..## #...
#...# #... #...# #..#
#...###..# #.....#..#
######...#.#..###
........h#......##
#####.o.###..#..## # #
...#.### #......#
#.#$###.#J#####.###..#
........og......# ##.#
......###.##)...# #†##
..........##....# #..######
.....g#.........# #........
.....................>######


You could see 2 orcs and an endoplasm.

Vanquished Creatures
  2 gnolls (D:2)
  An adder (D:3)
  2 dart slugs
  A ribbon worm (D:3)
  3 ball pythons
  2 bats
  7 endoplasms
  4 giant cockroaches
  2 goblins
  5 hobgoblins
  A kobold (D:1)
  2 quokkas (D:1)
  3 frilled lizards
  5 rats
40 creatures vanquished.

Notes
Turn   | Place    | Note
-------+----------+-------------------------------------------
     0 | D:1      | SolCadguy the Merfolk Shapeshifter began the quest for the
                  | Orb.
     0 | D:1      | Reached XP level 1. HP: 15/15 MP: 1/1
   158 | D:1      | Reached XP level 2. HP: 21/21 MP: 2/2
   165 | D:1      | Reached skill level 4 in Unarmed Combat
   662 | D:1      | Reached XP level 3. HP: 26/26 MP: 3/3
  1029 | D:2      | Reached skill level 5 in Unarmed Combat
  1195 | D:2      | Reached XP level 4. HP: 32/32 MP: 4/4
  1616 | D:3      | Slain by an orc

Illustrated notes

Levels and vault maps discovered:
D:1:      dpeg_arrival_rhombi, layout_loops_ring, serial_glass, glass_columns_b,
          glass_columns_a, glass_columns_a, wad_floor_pattern_1
D:2:      layout_basic
D:3:      cheibrodos_thug_alley, layout_basic, nicolae_nh_oracle_at_delphi

Skill      XL: |  1  2  3 |
---------------+----------+-----
Unarmed Combat | 4 5 |  5.5
Fighting       | |  1.1
Dodging        | |  2.6
Shapeshifting  | |  4.0

Action                     |  1- 3 |  4- 6 || total
---------------------------+-------+-------++-------
  Melee: Unarmed           |    77 |    26 ||   103
         Punch             |     2 |     1 ||     3
Ability: Begin Untransform |     1 |       ||     1
   Stab: Distracted        |     1 |       ||     1
 Armour: Animal skin       |    32 |     1 ||    33
         Leather armour    |       |    12 ||    12
  Dodge: Dodged            |    37 |    11 ||    48
   Form: Beast             |       |     1 ||     1

Table legend: (Time is in decaauts)
 A = Elapsed time spent in this place.
 B = Non-inter-level travel time spent in this place.
 C = Inter-level travel time spent in this place.
 D = Time resting spent in this place.
 E = Time spent auto-exploring this place.
 F = Levels seen in this place.
 G = Mean time per level.
                   A        B        C        D        E       F      G
               +--------+--------+--------+--------+--------+-----+--------+
         Total |   1606 |   1495 |    111 |    156 |   1013 |   3 |  535.3 |
       Dungeon |   1606 |   1495 |    111 |    156 |   1013 |   3 |  535.3 |
               +--------+--------+--------+--------+--------+-----+--------+

Top non-repeatable levels by time:
     D:1: 736 daAuts
     D:2: 663 daAuts
     D:3: 206 daAuts
